 Dungeon Crawl Stone Soup version 0.23.1 (webtiles) character file.

Game seed: 6894410451655942106

49468 XSreality the Tortoise (level 14, -16/127 HPs)
             Began as a Minotaur Berserker on Mar 12, 2019.
             Was a High Priest of Trog.
             Killed from afar by a tengu reaver (29 damage)
             ... with a bolt of lightning
             ... on level 12 of the Dungeon.
             The game lasted 01:22:06 (20764 turns).

XSreality the Tortoise (Minotaur Berserker)        Turns: 20764, Time: 01:22:07

Health: -16/127    AC: 22    Str: 27    XL:     14   Next: 16%
Magic:  4/4        EV:  9    Int:  4    God:    Trog [*****.]
Gold:   1042       SH:  4    Dex: 10    Spells: 13/13 levels left

rFire    . . .     SeeInvis +   Y - +7 battleaxe (antimagic)
rCold    . . .     Gourm    .   (shield currently unavailable)
rNeg     . . .     Faith    .   w - +0 plate armour
rPois    +         Spirit   .   (helmet restricted)
rElec    .         Reflect  +   K - +2 cloak
rCorr    .         Harm     .   u - +0 pair of gloves
MR       +....                  (no boots)
Stlth    ..........             Q - +4 amulet of reflection
HPRegen  0.31/turn              M - ring of see invisible
MPRegen  0.09/turn              L - ring of poison resistance

@: berserk cooldown, slowed, very slow
A: retaliatory headbutt, horns 2
a: Berserk, Trog's Hand, Brothers in Arms, Renounce Religion


You were on level 12 of the Dungeon.
You worshipped Trog.
Trog was extremely pleased with you.
You were hungry.

You visited 2 branches of the dungeon, and saw 18 of its levels.
You also visited: Bailey.

You collected 1216 gold pieces.
You spent 174 gold pieces at shops.

Inventory:

Hand Weapons
 j - a +3 triple crossbow of flaming
 O - a +3 dire flail of protection
 Y - a +7 antimagic battleaxe (weapon)
Armour
 u - a +0 pair of gloves (worn)
 w - a +0 plate armour (worn)
 K - a +2 cloak (worn)
 T - the +2 ring mail of Poor Excuses {rN+ MP+9 Str+4}
   (You found it on level 2 of the Lair of Beasts)

   It affects your strength (+4).
   It protects you from negative energy.
   It affects your magic capacity (+9).
Jewellery
 b - an uncursed ring of fire
 k - an uncursed ring of fire
 o - an uncursed amulet of rage
 x - a +2 ring of protection {unknown}
 L - a ring of poison resistance (right hand)
 M - a ring of see invisible (left hand)
 Q - a +4 amulet of reflection (around neck)
 V - an uncursed ring of resist corrosion
Wands
 a - a wand of digging (31)
 h - a wand of polymorph (5)
 E - a wand of acid (8)
 F - a wand of scattershot (9)
 P - a wand of enslavement (8)
 U - a wand of flame (37)
 Z - a wand of iceblast (10)
Scrolls
 d - 3 scrolls of magic mapping
 f - 17 scrolls of identify
 l - 7 scrolls of teleportation
 p - 7 scrolls of enchant weapon
 r - 4 scrolls of immolation
 s - 4 scrolls of fear
 v - a scroll of enchant armour {unknown}
 y - 3 scrolls of acquirement {unknown}
 A - 5 scrolls of amnesia {unknown}
 B - 8 scrolls of remove curse {unknown}
 I - 2 scrolls of vulnerability {unknown}
 N - 3 scrolls of fog {unknown}
 S - 4 scrolls of blinking {unknown}
 X - a scroll of noise {unknown}
Potions
 e - 9 potions of curing
 g - 5 potions of agility
 i - 2 potions of berserk rage {unknown}
 m - a potion of flight {unknown}
 q - a potion of lignification {unknown}
 t - 2 potions of brilliance
 z - 2 potions of mutation {unknown}
 C - a potion of heal wounds {unknown}
 D - 2 potions of cancellation {unknown}
 G - a potion of haste
 H - 3 potions of invisibility {unknown}
Miscellaneous
 W - a phial of floods
Comestibles
 c - 33 rations
 n - 16 chunks of flesh


   Skills:
 + Level 12.9 Fighting
 + Level 15.4(17.4) Axes
 - Level 14.0(16.6) Maces & Flails
 + Level 15.9 Armour
 - Level 2.3 Dodging


You had 13 spell levels left.
You didn't know any spells.
Your spell library was empty.

Dungeon Overview and Level Annotations

Branches:
Dungeon (12/15)            Temple (0/1) D:5            Lair (6/6) D:10
 Shoals (0/4) Lair:4        Snake (0/4) Lair:2        Slime (0/5) Lair:6
    Orc: D:9-12

Altars:
Fedhas
Kikubaaqudgha
Nemelex Xobeh
Okawaru
Zin
The Shining One
Jiyva

Shops:
D:2 *   D:4 (:[[   D:5 [   D:9 =   D:11 !

Annotations:
Lair:2 exclusion: 3 oklob plants
Lair:6 exclusion: 4 oklob plants


Innate Abilities, Weirdness & Mutations

You reflexively headbutt those who attack you in melee.
You have a pair of horns on your head.


Message History

You are feeling hungry.
The tengu reaver hits you with a +0 battleaxe!
* * * LOW HITPOINT WARNING * * *
The tengu reaver pecks you but does no damage.
The tengu reaver claws you but does no damage.
You are too berserk!
You feel a strong urge to attack something.
There is an open door here.
You feel your anger nearly subside.
You are no longer berserk.
You are exhausted.
You feel yourself slow down.
You miss the tengu reaver. Your headbutt misses the tengu reaver.
The tengu reaver hits you but does no damage.
The tengu reaver pecks you but does no damage.
The tengu reaver claws you.
* * * LOW HITPOINT WARNING * * *
The tengu reaver casts a spell at you. The bolt of lightning hits you!!
You die...

#########
#...#...# ##
#...*...# *#
#..Q#...# Q#
#..@##Q.# .#
##..##..# .##.#
#..###(####'##.#
#..#.##))....#.#
##.'..##.....#.#
#.#.).###...#.#
####'########.####
#..(......#....#
###.......')##.#


You could see a tengu reaver and a battlesphere.

Vanquished Creatures
  A war gargoyle (D:12)
  A dire elephant (Lair:4)
  A fire dragon (D:12)
  A deep elf high priest (D:12)
  8 hydras
  A centaur warrior (D:12)
  2 death yaks (Lair:3)
  A sea snake (Lair:6)
  An unseen horror (D:12)
  A swamp dragon (shapeshifter) (D:12)
  2 harpies (Lair:6)
  A deep elf mage (D:11)
  3 manticores
  3 cyclopes
  3 black mambas
  8 elephants
  Joseph (D:7)
  Maurice (D:8)
  2 gargoyles
  A centaur skeleton (D:12)
  3 rime drakes
  A torpor snail (Lair:3)
  3 kobold demonologists (D:11)
  12 spiny frogs
  9 komodo dragons
  A wind drake (Lair:6)
  A troll (D:12)
  A polar bear (Lair:6)
  A meliai (D:12)
  5 hornets
  5 hippogriffs
  16 blink frogs
  A vampire (D:10)
  26 yaks
  5 wyverns
  A wraith (D:12)
  5 basilisks
  A soldier ant (shapeshifter) (D:12)
  17 water moccasins
  A floating eye (Lair:2)
  10 porcupines
  4 ice beasts
  4 orc warriors
  2 black bears (D:7)
  3 ogres
  3 phantoms
  3 sky beasts
  3 centaurs
  8 crocodiles
  2 big kobolds (D:11)
  Blork the orc (D:5)
  13 bullfrogs
  A gnoll sergeant (D:10)
  4 scorpions
  4 wights (D:10)
  4 howler monkeys
  An electric eel (D:6)
  3 crimson imps
  2 centaur zombies
  5 hounds
  A quasit (D:6)
  5 orc priests
  5 jellies
  Crazy Yiuf (D:6)
  7 orc wizards
  2 bullfrog skeletons (D:10)
  2 bullfrog zombies
  2 gnoll shamans (D:5)
  4 iguanas
  Natasha (thrice) (D:4)
  12 worker ants
  A killer bee zombie (D:6)
  2 hound skeletons
  A worker ant zombie (D:5)
  A howler monkey skeleton (D:11)
  12 adders
  16 gnolls
  4 shadow imps
  A white imp (D:5)
  An ooze (D:1)
  4 worms
  A dart slug (D:2)
  5 leopard geckos
  39 orcs
  3 ball pythons
  A bat zombie (D:3)
  6 giant cockroaches
  11 goblins
  6 hobgoblins
  7 jackals
  12 kobolds
  4 quokkas
  15 bats
  9 frilled lizards
  A giant cockroach zombie (D:5)
  2 leopard gecko skeletons
  A quokka zombie (D:5)
  9 rats
  2 rat zombies (D:3)
  2 fungi
  A plant (Lair:6)
462 creatures vanquished.

Vanquished Creatures (collateral kills)
  A merfolk avatar (Lair:6)
  A harpy (Lair:6)
  An elephant (Lair:6)
  A polar bear (Lair:6)
4 creatures vanquished.

Vanquished Creatures (others)
  A sky beast (D:11)
  A kobold (Bailey)
  A quokka skeleton (D:6)
  8 fungi
  12 plants
23 creatures vanquished.

Grand Total: 489 creatures vanquished

Notes
Turn   | Place    | Note
-------+----------+-------------------------------------------
     0 | D:1      | XSreality the Minotaur Berserker began the quest for the
                  | Orb.
     0 | D:1      | Reached XP level 1. HP: 19/19 MP: 0/0
   190 | D:1      | Reached XP level 2. HP: 27/27 MP: 1/1
   509 | D:1      | Reached ** piety under Trog
   509 | D:1      | Reached XP level 3. HP: 34/34 MP: 2/2
   886 | D:2      | Found a blossoming altar of Fedhas.
  1051 | D:2      | Reached XP level 4. HP: 37/41 MP: 3/3
  1202 | D:2      | Found Zin's Purification Station.
  1204 | D:2      | Found a glowing silver altar of Zin.
  1320 | D:2      | Reached skill level 5 in Fighting
  1409 | D:3      | Found an iron altar of Okawaru.
  1511 | D:3      | Reached *** piety under Trog
  1749 | D:3      | Reached skill level 5 in Maces & Flails
  1818 | D:3      | Reached XP level 5. HP: 48/48 MP: 4/4
  1819 | D:3      | Found an ancient bone altar of Kikubaaqudgha.
  2004 | D:4      | Found Baumeb Cuse's Antique Weapon Shoppe.
  2185 | D:4      | Noticed Natasha
  2276 | D:4      | Killed Natasha
  2464 | D:4      | Noticed Natasha
  2470 | D:4      | Killed Natasha
  2490 | D:4      | Reached XP level 6. HP: 30/57 MP: 5/5
  2497 | D:4      | Noticed Natasha
  2639 | D:4      | Killed Natasha
  2756 | D:4      | Found Ocsok's Antique Armour Shop.
  2991 | D:4      | Found Rulon's Book Emporium.
  3015 | D:4      | Found a glowing golden altar of the Shining One.
  3138 | D:4      | Found Miru's Antique Armour Shop.
  3309 | D:5      | Entered Level 5 of the Dungeon
  3378 | D:5      | Reached skill level 5 in Armour
  3385 | D:5      | Reached skill level 1 in Axes
  3448 | D:5      | Reached XP level 7. HP: 38/64 MP: 6/6
  3456 | D:5      | Noticed Blork the orc
  3512 | D:5      | Killed Blork the orc
  3799 | D:5      | Reached **** piety under Trog
  3993 | D:5      | Found Uterchukk's Armour Emporium.
  4176 | D:5      | Reached XP level 8. HP: 73/73 MP: 7/7
  4255 | D:5      | Found a staircase to the Ecumenical Temple.
  4474 | D:6      | Reached skill level 5 in Axes
  5186 | D:6      | Found a runed translucent door.
  5187 | D:6      | Noticed Crazy Yiuf
  5424 | D:6      | Killed Crazy Yiuf
  5622 | D:7      | Noticed Joseph
  5634 | D:7      | Killed Joseph
  5634 | D:7      | Reached XP level 9. HP: 81/83 MP: 8/8
  6802 | D:4      | Bought a runed mace for 174 gold pieces
  7119 | D:8      | Reached skill level 10 in Fighting
  7390 | D:8      | Noticed Maurice
  7405 | D:8      | Killed Maurice
  7742 | D:9      | Found Korr's Jewellery Boutique.
  7961 | D:9      | Reached skill level 10 in Armour
  8026 | D:9      | Reached XP level 10. HP: 94/94 MP: 9/9
  8084 | D:9      | Reached ***** piety under Trog
  8249 | D:9      | Found a sparkling altar of Nemelex Xobeh.
  8858 | D:10     | Entered Level 10 of the Dungeon
  9036 | D:10     | Noticed a gargoyle
  9062 | D:10     | Killed a gargoyle
  9611 | D:10     | Received a gift from Trog
  9889 | D:10     | Reached skill level 10 in Axes
 10169 | D:10     | Found a staircase to the Lair.
 10170 | D:10     | Identified the cursed +0 robe of Gravity {*Drain rC++ MR+
                  | Str+2}
 10395 | Lair:1   | Entered Level 1 of the Lair of Beasts
 10692 | Lair:1   | Noticed a spiny frog
 10703 | Lair:1   | Killed a spiny frog
 10703 | Lair:1   | Reached XP level 11. HP: 35/104 MP: 10/10
 11651 | Lair:2   | Noticed an oklob plant
 11651 | Lair:2   | Noticed an oklob plant
 11651 | Lair:2   | Noticed an oklob plant
 11684 | Lair:2   | Got a scorched ring mail
 12038 | Lair:2   | Found a staircase to the Snake Pit.
 12080 | Lair:2   | Identified the +2 ring mail of Poor Excuses {rN+ MP+9
                  | Str+4} (You found it on level 2 of the Lair of Beasts)
 12180 | Lair:2   | Paralysed by a floating eye for 3 turns
 12757 | Lair:3   | Noticed a seven-headed hydra
 12771 | Lair:3   | Killed a seven-headed hydra
 12789 | Lair:3   | Noticed a death yak
 12790 | Lair:3   | Noticed a death yak
 12813 | Lair:3   | Killed a death yak
 12819 | Lair:3   | Killed a death yak
 13636 | Lair:4   | Reached XP level 12. HP: 44/112 MP: 11/11
 14323 | Lair:4   | Noticed a dire elephant
 14357 | Lair:4   | Killed a dire elephant
 14862 | Lair:4   | Noticed a five-headed hydra
 14864 | Lair:4   | Found a staircase to the Shoals.
 14873 | Lair:4   | Killed a five-headed hydra
 14873 | Lair:4   | Reached skill level 15 in Armour
 15633 | Lair:5   | Noticed a six-headed hydra
 15652 | Lair:5   | Killed a six-headed hydra
 15862 | Lair:5   | Received a gift from Trog
 16163 | Lair:5   | Noticed a seven-headed hydra
 16176 | Lair:5   | Killed a seven-headed hydra
 16454 | Lair:5   | You fall through a shaft!
 16454 | Lair:6   | Entered Level 6 of the Lair of Beasts
 16510 | Lair:6   | Reached XP level 13. HP: 107/117 MP: 4/12
 16922 | Lair:6   | Reached skill level 10 in Maces & Flails
 16981 | Lair:6   | Found a viscous altar of Jiyva.
 16982 | Lair:6   | Found a staircase to the Slime Pits.
 19477 | D:11     | Received a gift from Trog
 19478 | D:11     | Reached skill level 15 in Axes
 19607 | D:11     | Found Moocogaf's Distillery.
 19630 | D:11     | Found a flagged portal.
 19639 | Bailey   | Entered a bailey
 19936 | D:11     | Paralysed by a hornet for 3 turns
 19943 | D:11     | Paralysed by a hornet for 1 turns
 20611 | D:12     | Reached XP level 14. HP: 109/127 MP: 4/13
 20739 | D:12     | Noticed a tengu reaver
 20739 | D:12     | Noticed a war gargoyle
 20750 | D:12     | Killed a war gargoyle
 20764 | D:12     | Killed from afar by a tengu reaver

Skill      XL: |  1  2  3  4  5  6  7  8  9 10 11 12 13 |
---------------+----------------------------------------+-----
Fighting       | 4 5 6 7 9 10 11 12 | 12.9
Maces & Flails | 4 5 6 9 14 | 14.0
Armour         | 3 4 5 6 8 10 11 13 15 | 15.9
Axes           | 1 4 6 8 10 13 14 15 | 15.4
Dodging        | |  2.3

Action                   |  1- 3 |  4- 6 |  7- 9 | 10-12 | 13-15 || total
-------------------------+-------+-------+-------+-------+-------++-------
Melee: Mace              |    55 |   150 |       |       |       ||   205
       Headbutt          |    12 |    30 |    41 |   131 |    80 ||   294
       War axe           |       |    33 |   251 |   419 |       ||   703
       Dire flail        |       |       |       |   117 |   265 ||   382
       Battleaxe         |       |       |       |    25 |   136 ||   161
Invok: Berserk           |       |     3 |     3 |     5 |     3 ||    14
       Trog's Hand       |       |     1 |       |       |     2 ||     3
       Brothers in Arms  |       |       |       |       |     2 ||     2
  Use: Scroll            |       |     3 |     6 |     5 |     5 ||    19
       Potion            |       |       |     1 |       |     2 ||     3
  Eat: Chunk             |       |     7 |    12 |    23 |     5 ||    47
       Ration            |       |     1 |     2 |     2 |     4 ||     9
Armor: Animal skin       |     4 |       |       |       |       ||     4
       Scale mail        |     9 |    94 |       |       |       ||   103
       Plate armour      |       |    22 |   164 |   336 |   291 ||   813
Dodge: Dodged            |    44 |   116 |    94 |   215 |   192 ||   661
Block: Other             |       |       |       |    36 |    56 ||    92
       Reflection        |       |       |       |       |     7 ||     7
